AoeStats
← 381855661

Arena

510493252Analyzed
1v1 RM · 1d ago on Oct 1, 2026· 54m 10s· 2 players
Game mode
Random Map
Map size
Tiny (2 player)
Population
200
Speed
Normal
Resources
Standard
Victory
Conquest
Starting age
Dark Age
Ending age
Imperial Age
RankedLock teamsTeams togetherTeam positionsShared explorationLock speedFull tech treeHidden civsTurbo modeCheats
Victory
Defeat
🇨🇳 Cumans · China
957
+15
🇸🇪 Malay · Sweden
927
-15
Henrik
11:34 Feudal Age
11:40 Loom
15:41 Castle Age
13:52 Double-Bit Axe
20:27 Wheelbarrow
21:58 Gold Mining
25:21 Imperial Age
23:25 Forging
24:56 Bow Saw
25:35 Fletching
27:30 Conscription
29:03 Chemistry
33:07 Pikeman
34:21 Squires
35:53 Stone Mining
37:27 Hand Cart
36:58 Town Watch
38:09 Horse Collar
40:41 Bodkin Arrow
40:47 Padded Archer Armor
41:23 Iron Casting
41:12 Ballistics
41:01 Crossbowman
42:59 Arbalester
45:27 Masonry
47:44 Bracer
48:00 Leather Archer Armor
48:51 Thumb Ring
54:03 Gold Shaft Mining
381855661
10:49 Feudal Age
11:27 Double-Bit Axe
11:23 Horse Collar
20:27 Castle Age
18:35 Loom
20:47 Bloodlines
20:40 Town Watch
21:17 Scale Barding Armor
21:23 Forging
25:52 Gold Mining
25:52 Stone Mining
28:39 Wheelbarrow
28:50 Ballistics
29:06 Chain Barding Armor
29:21 Iron Casting
31:41 Imperial Age
30:05 Chain Barding Armor
30:20 Iron Casting
32:53 Conscription
33:56 Steppe Husbandry
34:44 Bow Saw
34:47 Guilds
34:46 Fletching
35:31 Plate Barding Armor
34:45 Elite Steppe Lancer
35:23 Bodkin Arrow
36:03 Iron Casting
36:38 Padded Archer Armor
37:46 Chemistry
37:54 Hand Cart
37:41 Heavy Plow
38:18 Gold Shaft Mining
37:57 Town Patrol
38:59 Two-Man Saw
40:59 Crop Rotation
40:22 Elite Kipchak
41:48 Leather Archer Armor
42:33 Blast Furnace
41:32 Murder Holes
44:29 Ring Archer Armor
43:59 Scale Mail Armor
43:23 Light Cavalry
44:11 Hussar
45:15 Masonry
46:01 Cavalier
48:37 Paladin
53:02 Hoardings
52:59 Parthian Tactics
Connection lost

Rejoining the realm…

Still unreachable

The connection could not be restored.

Session expired

The server has moved on; the page needs a fresh start.